 Dungeon Crawl Stone Soup version 0.31-a0-210-gccc998df9b (webtiles) character file.

Game seed: 6893621905841164028

392 qw the Shooter (level 6, -9/52 HPs)
             Began as a Minotaur Hexslinger on June 29, 2023.
             Was an Initiate of Okawaru.
             Mangled by an ogre
             ... wielding a +0 giant club
              (24 damage)
             ... on level 4 of the Dungeon.
             The game lasted 00:01:20 (2946 turns).

qw the Shooter (Minotaur Hexslinger)                Turns: 2946, Time: 00:01:20

Health: -9/52      AC:  7    Str: 12    XL:     6   Next: 50%
Magic:  6/6        EV: 11    Int: 10    God:    Okawaru [......]
Gold:   30         SH:  0    Dex: 15    Spells: 6/7 levels left

rFire   . . .        Y - +3 sling
rCold   . . .        (no shield)
rNeg    . . .        i - +0 ring mail
rPois   .            (helmet restricted)
rElec   .            b - +1 cloak
rCorr   .            (no gloves)
SInv    .            (no boots)
Will    .....        (no amulet)
Stlth   +            (no ring)
HPRegen 0.28/turn    (no ring)
MPRegen 0.10/turn

%: no passive effects
@: no status effects
A: horns 2, retaliatory headbutt
a: Renounce Religion


You were on level 4 of the Dungeon.
You worshipped Okawaru.
Okawaru was noncommittal.
You visited 1 branch of the dungeon, and saw 5 of its levels.

You collected 230 gold pieces.
You spent 200 gold pieces at shops.


Innate Abilities, Weirdness & Mutations

You have a pair of horns on your head.
You reflexively headbutt those who attack you in melee.


   Skills:
 - Level 4.3 Fighting
 + Level 6.5 Ranged Weapons
 - Level 1.1 Armour
 - Level 2.1 Dodging
 - Level 1.0 Spellcasting
 - Level 2.0 Hexes


You had 6 spell levels left.
You knew the following spells:

 Your Spells              Type           Power      Damage    Failure   Level
a - Slow                  Hex            16%        N/A       34%         1

Your spell library contained the following spells:

 Spells                   Type           Power      Damage    Failure   Level
 Inner Flame              Hex/Fire       2%         N/A       83%         3
 Portal Projectile        Hex/Tloc       4%         N/A       83%         3
 Cause Fear               Hex            2%         N/A       98%         4

Inventory:

Hand Weapons
 Y - a +3 sling (weapon)
Armour
 b - a +1 cloak (worn)
 i - a +0 ring mail (worn)
Scrolls
 g - a scroll of teleportation
 h - a scroll of identify
Potions
 c - a potion of might
 d - a potion of resistance
 f - a potion of curing {unknown}
 j - 5 potions of heal wounds
 m - a potion of haste {unknown}

Dungeon Overview and Level Annotations

Branches:
Dungeon (5/15)
 Temple: D:4-7

Altars:
Okawaru

Shops:
D:4 ?


Message History

Enter note:
Enter note:
Enter note:
Enter note:
Enter note:
Enter note:
Enter note: You start resting.
HP restored.
Done exploring.
(D) Dungeon
Where to? (* - list waypoints, Enter - D:5, ? - help)
What level of the Dungeon? (default 1, ? - help)
You climb downwards.
You hear the hiss of flowing sand.
There is an entrance to an ossuary on this level.
Hurry and find it before the portal is buried!
You hear the slow hiss of a very distant avalanche of sand.
The ogre closely misses you.
There is a stone staircase leading up here.
There are monsters nearby!
You shoot a sling bullet. The sling bullet hits the ogre.
The ogre is lightly wounded.
The ogre hits you with a +0 giant club!!
Ouch! That really hurt!
2941 ||| STAIRDANCE The orc closely misses you.
The ogre barely misses you.
You climb upwards.
There is a stone staircase leading down here.
You shoot a sling bullet.
The sling bullet barely misses the ogre.
You shoot a sling bullet. The sling bullet hits the ogre.
The ogre is moderately wounded.
The ogre hits you with a +0 giant club!
You shoot a sling bullet. The sling bullet hits the ogre.
The ogre is heavily wounded.
The ogre closely misses you. You furiously retaliate!
You headbutt the ogre. You shoot a sling bullet.
The sling bullet hits the ogre.
The ogre is severely wounded.
The ogre hits you with a +0 giant club!!
You die...

###########
#..........
#######..........
#................
#####.#####..........
#.....# ###..........
#....####............
#...@O...............
#....####.#..........
#.....###.#.........#
#......##.#.........#
#...(...:.#.........#
#....#..###.........#
####.##.###.........#
#.......##¤¤.......#
#.......##¤¤¤......#


You could see an ogre.

Vanquished Creatures
  2 scorpions (D:4)
  2 jellies (D:4)
  An orc priest (D:5)
  4 gnolls (D:3)
  2 adders
  An ufetubus (D:5)
  5 worms
  4 dart slugs
  11 orcs
  6 ball pythons
  7 bats
  6 endoplasms
  3 giant cockroaches
  11 goblins
  11 hobgoblins
  2 jackals (D:4)
  2 quokkas
  2 frilled lizards
  8 kobolds
  3 rats
93 creatures vanquished.

Notes
Turn   | Place    | Note
-------+----------+-------------------------------------------
     0 | D:1      | qw the Minotaur Hexslinger began the quest for the Orb.
     0 | D:1      | Reached XP level 1. HP: 16/16 MP: 1/1
     0 | D:1      | 0 ||| qw: Version: 0.3-a-24-g62f9e04
     0 | D:1      | 0 ||| qw: Game counter: 6707
     0 | D:1      | 0 ||| qw: Melee chars always use a shield: true
     0 | D:1      | 0 ||| qw: God list: Okawaru
     0 | D:1      | 0 ||| qw: Allow faded altars: false
     0 | D:1      | 0 ||| qw: Do Orc after clearing Dungeon:15 true
     0 | D:1      | 0 ||| qw: Do second Lair branch before Depths: true
     0 | D:1      | 0 ||| qw: Lair rune preference: random
     0 | D:1      | 0 ||| qw: Goals: Normal
     0 | D:1      | 0 ||| PLANNING D:1-11
   176 | D:1      | Reached skill level 3 in Ranged Weapons
   187 | D:1      | Reached XP level 2. HP: 23/23 MP: 2/2
   529 | D:1      | Reached XP level 3. HP: 29/29 MP: 3/3
   679 | D:1      | 679 ||| UPGRADING to +0 ring mail.
   689 | D:1      | 689 ||| DROPPING +0 robe.
   690 | D:1      | 690 ||| READING scroll labelled AHUNOP INAAMP.
   691 | D:1      | 691 ||| READING 2 scrolls labelled TETUMEQ REURGH.
   692 | D:1      | 692 ||| DROPPING scroll of poison.
   806 | D:2      | Found a faded altar of an unknown god.
   903 | D:2      | Reached skill level 4 in Ranged Weapons
  1203 | D:2      | Reached skill level 1 in Armour
  1480 | D:2      | 1480 ||| READING scroll labelled OBEANL IPUFOIX.
  1581 | D:2      | 1581 ||| READING scroll labelled GAHEEHUNUNA.
  1582 | D:2      | 1582 ||| READING scroll labelled NEQONU ETOIPU.
  1583 | D:2      | 1583 ||| DRINKING 2 white potions.
  1584 | D:2      | 1584 ||| DRINKING 2 fuming sapphire potions.
  1607 | D:2      | 1607 ||| DRINKING 3 blue potions.
  1608 | D:2      | 1608 ||| DROPPING potion of degeneration.
  1609 | D:2      | 1609 ||| DROPPING potion of lignification.
  1641 | D:3      | Reached XP level 4. HP: 36/36 MP: 4/4
  1817 | D:3      | 1817 ||| FLEEEEING.
  1928 | D:3      | 1928 ||| Stepping ~*~*~tactically~*~*~ (outnumbered).
  1938 | D:3      | HP: 6/36 [gnoll/+0 spear (6)]
  1939 | D:3      | 1939 ||| DRINKING 4 potions of heal wounds.
  1944 | D:3      | Reached skill level 5 in Ranged Weapons
  2182 | D:3      | 2182 ||| READING scroll labelled GOJIAR VIAN.
  2244 | D:4      | Reached XP level 5. HP: 42/42 MP: 5/5
  2248 | D:4      | Reached skill level 3 in Fighting
  2391 | D:4      | Found Fiypn's Magic Scroll Emporium.
  2404 | D:4      | 2404 ||| SHOPLISTING scroll of acquirement (520 gold, have
                  | 210).
  2404 | D:4      | 2404 ||| BUYING scroll of enchant armour (75 gold).
  2404 | D:4      | Bought a scroll of enchant armour for 75 gold pieces
  2404 | D:4      | 2404 ||| BUYING scroll of enchant weapon (75 gold).
  2404 | D:4      | Bought a scroll of enchant weapon for 75 gold pieces
  2404 | D:4      | 2404 ||| BUYING scroll of identify (20 gold).
  2404 | D:4      | Bought a scroll of identify for 20 gold pieces
  2404 | D:4      | 2404 ||| BUYING scroll of teleportation (30 gold).
  2404 | D:4      | Bought a scroll of teleportation for 30 gold pieces
  2404 | D:4      | 2404 ||| READING scroll of enchant weapon.
  2404 | D:4      | 2404 ||| ENCHANTING +1 sling.
  2459 | D:4      | Reached skill level 6 in Ranged Weapons
  2459 | D:4      | Reached XP level 6. HP: 44/51 MP: 6/6
  2730 | D:4      | 2730 ||| READING scroll of enchant weapon.
  2730 | D:4      | 2730 ||| ENCHANTING +2 sling.
  2734 | D:4      | Found an iron altar of Okawaru.
  2735 | D:4      | 2735 ||| PLANNING OKAWARU WORSHIP
  2735 | D:4      | 2735 ||| READING 3 scrolls of identify.
  2735 | D:4      | 2735 ||| IDENTIFYING grey potion
  2736 | D:4      | 2736 ||| READING 2 scrolls of identify.
  2736 | D:4      | 2736 ||| IDENTIFYING smoky emerald potion
  2737 | D:4      | 2737 ||| DROPPING potion of invisibility.
  2743 | D:4      | Became a worshipper of Warmaster Okawaru
  2744 | D:4      | 2744 ||| PLANNING D:1-11
  2825 | D:4      | 2825 ||| UPGRADING to +0 cloak.
  2830 | D:4      | 2830 ||| READING scroll of enchant armour.
  2830 | D:4      | 2830 ||| ENCHANTING +0 cloak.
  2831 | D:4      | 2831 ||| READING scroll labelled IHA BUELAOM.
  2844 | D:5      | Entered Level 5 of the Dungeon
  2845 | D:5      | 2845 ||| PLANNING OSSUARY
  2876 | D:5      | 2876 ||| FLEEEEING.
  2878 | D:5      | 2878 ||| FLEEEEING.
  2879 | D:5      | 2879 ||| FLEEEEING.
  2880 | D:5      | 2880 ||| FLEEEEING.
  2881 | D:5      | 2881 ||| FLEEEEING.
  2882 | D:5      | 2882 ||| FLEEEEING.
  2883 | D:5      | 2883 ||| STAIRDANCE
  2941 | D:5      | 2941 ||| STAIRDANCE
  2946 | D:4      | Mangled by an ogre

Levels and vault maps discovered:
D:1:      lemuel_arrival_behind_the_door_small, layout_loops_ring,
          minmay_3d_cube
D:2:      layout_loops_ring, chequers_ecumenical_altar_twisty,
          kennysheep_pointless_box, hex_tiny
D:3:      layout_rooms, minmay_goblin_outpost
D:4:      layout_basic, mainiacjoe_overflow_alcove_2, serial_shops, shop_scrolls
D:5:      kennysheep_big_flooded_room, layout_gridville, slow_altar_2,
          chequers_temple_overflow_minitemple, minmay_temple_entry_slanted,
          gup_ossuary_entry_pyramid, hangedman_glass_garden,
          serial_bayou_lagoon_a, minmay_ruined_shrine, uniq_grinder,
          uniq_eustachio

Skill      XL: |  1  2  3  4  5  6 |
---------------+-------------------+-----
Ranged Weapons | 3 4 5 6 |  6.5
Fighting       | 2 3 4 |  4.3
Armour         | 1 |  1.1
Dodging        | |  2.1
Spellcasting   | |  1.0
Hexes          | |  2.0

Action                     |  1- 3 |  4- 6 || total
---------------------------+-------+-------++-------
   Fire: Sling             |   133 |   169 ||   302
    Use: Scroll            |     5 |     7 ||    12
         Potion            |     3 |     1 ||     4
 Armour: Robe              |     6 |       ||     6
         Ring mail         |    14 |    16 ||    30
  Dodge: Dodged            |    29 |    35 ||    64

Table legend:
 A = Non-vault XP
 B = Vault XP
 C = Vault XP percentage of total XP
 D = Non-vault monster count
 E = Vault monster count
 F = Vault count percentage of total count
                 A         B        C        D         E       F
            +---------+---------+-------+---------+---------+-------
      Total |     536 |      24 |   4.3 |      83 |      10 |  10.8
            +---------+---------+-------+---------+---------+-------
        D:1 |      33 |       9 |  21.4 |      18 |       5 |  21.7
        D:2 |      51 |       0 |   0.0 |      17 |       0 |   0.0
        D:3 |      77 |       7 |   8.3 |      15 |       4 |  21.1
        D:4 |     323 |       0 |   0.0 |      29 |       0 |   0.0
        D:5 |      52 |       8 |  13.3 |       4 |       1 |  20.0
            +---------+---------+-------+---------+---------+-------
